Map: King's Cove LE

Players

StackedBimbo - Winner!

  • Race: Zerg Zerg
  • League: Platinum
  • Spawn Location: 11:00

Smeeeger

  • Race: Zerg Zerg
  • League: Platinum
  • Spawn Location: 5:00

VOD

Have the link to the VOD?

Description

Time

  • Played on: July 18, 2019, 12:28 p.m.
  • Length: 8:33
Show
View Real Time Build Order
Export as new Build Order

StackedBimbo Zerg - Winner!

Build Orders: Hatch First 

Get SALT Encoding   

  12  0:04  Drone  
  13  0:15  Overlord  
  13  0:28  Drone  
  14  0:35  Drone x2  
  16  0:40  Drone  
  17  0:57  Hatchery  
  16  1:02  Drone  
  17  1:08  Extractor  
  16  1:11  Drone  
  16  1:12  Drone  
  18  1:34  Drone, Overlord  
  19  1:50  Spawning Pool  
  18  1:54  Drone x2  
  20  2:11  Drone x2  
  22  2:19  Drone  
  23  2:27  Drone x2  
  25  2:33  Drone  
  26  2:37  Queen  
  26  2:44  Queen  
  28  2:45  Zergling x4  
  28  2:49  Roach Warren  
  28  2:50  Overlord  
  31  2:56  Drone  
  32  3:11  Drone  
  32  3:12  Hatchery  
  31  3:13  Burrow  
  31  3:18  Drone x2  
  31  3:19  Drone  
  34  3:28  Drone x2  
  36  3:40  Roach x2  
  40  3:47  Roach  
  40  3:48  Roach  
  44  3:53  Overlord  
  44  3:54  Overlord  
  44  4:04  Overlord  
  44  4:12  Roach x3  
  50  4:24  Roach x2  
  50  4:28  Roach x3  
  60  4:35  Extractor  
  60  4:37  Extractor  
  56  4:38  Extractor  
  55  4:46  Drone x8  
  55  4:50  Queen  
  55  4:51  Queen  
  67  4:53  Drone x2  
  67  4:56  Drone  
  70  5:09  Drone x2  
  70  5:10  Drone x2  
  70  5:13  Overlord  
  70  5:14  Overlord  
  74  5:15  Overlord  
  74  5:19  Overlord  
  75  5:35  Drone x2  
  75  5:36  Drone x2  
  75  5:37  Drone x2  
  75  5:38  Drone x4  
  75  5:41  Drone x3  
  87  5:47  Ravager x3  
  87  5:48  Ravager x2  
  92  5:50  Overlord  
  92  6:02  Zergling x4  
  92  6:03  Zergling x2  
  95  6:06  Overlord  
  95  6:08  Roach x5  
  95  6:09  Roach x2  
  109  6:16  Overlord x2  
  109  6:22  Overlord  
  109  6:34  Lair  
  109  6:36  Roach x3  
  109  6:37  Roach x6  
  127  6:53  Roach  
  139  6:54  Roach x5  
  139  7:01  Overlord x3  
  139  7:06  Drone x4  
  139  7:08  Drone x2  
  126  7:31  Zergling x4  
  126  7:32  Zergling x18  
  124  7:39  Roach x2  
  122  8:03  Roach  
  122  8:04  Roach x11  
Show
View Real Time Build Order
Export as new Build Order

Smeeeger Zerg 

Build Orders: Hatch First 

Get SALT Encoding   

  12  0:01  Drone  
  13  0:14  Overlord  
  13  0:18  Drone  
  14  0:32  Drone x2  
  16  0:45  Drone  
  17  0:53  Drone  
  18  1:04  Drone  
  19  1:06  Hatchery, Extractor  
  17  1:17  Spawning Pool  
  16  1:20  Drone  
  16  1:23  Drone  
  18  1:31  Drone  
  19  1:40  Overlord  
  19  2:03  Queen  
  19  2:05  Zergling x4  
  23  2:18  Queen  
  23  2:22  Drone x2  
  27  2:30  Metabolic Boost  
  27  2:39  Drone  
  27  2:40  Drone x2  
  30  2:44  Baneling Nest  
  30  2:46  Drone  
  30  2:50  Overlord  
  30  2:53  Queen  
  32  3:09  Hatchery  
  31  3:22  Drone x2  
  31  3:23  Drone x2  
  35  3:29  Drone x2  
  35  3:31  Drone  
  35  3:32  Drone x2  
  40  3:55  Drone x4, Evolution Chamber  
  43  3:57  Evolution Chamber  
  41  4:05  Baneling  
  41  4:06  Baneling  
  41  4:13  Overlord  
  41  4:14  Overlord  
  41  4:18  Drone  
  41  4:19  Drone  
  41  4:23  Queen  
  41  4:24  Drone x4  
  49  4:38  Drone x3  
  49  4:39  Drone  
  49  4:42  Zerg Melee Weapons Level 1  
  53  4:45  Drone, Extractor  
  53  4:46  Extractor  
  53  4:47  Drone x2  
  53  4:48  Drone, Overlord  
  53  4:50  Drone x3  
  57  4:54  Overlord  
  57  5:10  Zergling x2  
  57  5:11  Zergling x6  
  61  5:19  Roach Warren  
  60  5:23  Zerg Ground Armor Level 1  
  60  5:25  Drone  
  60  5:26  Drone x3  
  60  5:27  Drone, Overlord  
  65  5:32  Baneling x2  
  65  5:33  Baneling  
  65  5:37  Overlord  
  65  5:39  Lair  
  65  5:43  Drone x3  
  65  5:46  Overlord  
  65  5:49  Extractor  
  67  5:50  Extractor  
  66  6:02  Baneling x2  
  66  6:03  Baneling x2  
  66  6:07  Roach x5  
  66  6:08  Roach  
  78  6:12  Drone  
  78  6:13  Drone x4  
  78  6:14  Drone  
  84  6:24  Extractor  
  83  6:40  Drone x2  
  83  6:41  Drone  
  83  6:42  Roach x2  
  83  6:43  Roach x6  
  102  6:57  Zergling x2  
  102  6:58  Zergling x4  
  102  6:59  Overlord x3  
  105  7:07  Overlord x2  
  96  7:30  Roach x5  
  96  7:31  Roach x9  
  102  7:48  Roach x5  
  102  7:49  Roach  
  107  7:53  Roach  
  107  7:54  Roach  
  107  7:56  Roach  
  98  8:05  Roach  
  98  8:06  Roach x2  
Tags
 
Add a new tag
Caveats
  • Supply blocks, unpowered buildings, or Contaminate may cause inaccurate times.
  • Supply counts are checked every 10 seconds.